 Dungeon Crawl Stone Soup version 0.26.1 (webtiles) character file.

Game seed: 8625515599748540287

62 promet the Skirmisher (level 3, -2/33 HPs)
             Began as a Draconian Fighter on Feb 7, 2021.
             Was an Initiate of Qazlal.
             Slain by Sigmund
             ... wielding a +0 scythe
              (9 damage)
             ... on level 2 of the Dungeon.
             The game lasted 00:09:10 (1233 turns).

promet the Skirmisher (Draconian Fighter)           Turns: 1233, Time: 00:09:10

Health: -2/33      AC:  5    Str: 18    XL:     3   Next: 85%
Magic:  3/3        EV: 13    Int:  9    God:    Qazlal [......]
Gold:   44         SH:  0    Dex: 10    Spells: 2/2 levels left

rFire    . . .     SeeInvis .   k - +0 great sword
rCold    . . .     Faith    +   (shield currently unavailable)
rNeg     . . .     Spirit   .   (armour unavailable)
rPois    .         Reflect  .   (helmet restricted)
rElec    .         Harm     .   (no cloak)
rCorr    .         Rampage  .   (no gloves)
Will     .....     Clarity  +   (no boots)
Stlth    +.........             h - amulet of faith
HPRegen  0.11/turn              (no ring)
MPRegen  0.08/turn              (no ring)

@: mighty
A: unfitting armour, hooves 1, blink, clarity, cold-blooded, AC +5
a: Blink, Renounce Religion


You were on level 2 of the Dungeon.
You worshipped Qazlal.
Qazlal was noncommittal.
You visited 1 branch of the dungeon, and saw 2 of its levels.

You collected 44 gold pieces.

Inventory:

Hand Weapons
 a - a +0 long sword
 i - a +0 club
 k - a +0 great sword (weapon)
Missiles
 e - 15 arrows
Armour
 b - a +0 kite shield
Jewellery
 f - an uncursed amulet of regeneration
 h - an amulet of faith (around neck)
Scrolls
 d - 2 scrolls of fog
Potions
 j - a potion of attraction {unknown}


   Skills:
 + Level 3.8 Fighting
 + Level 2.8 Long Blades
 + Level 3.3 Dodging
 + Level 3.3 Shields


You had 2 spell levels left.
You didn't know any spells.
Your spell library was empty.

Dungeon Overview and Level Annotations

Branches:
Dungeon (2/15)

Altars:
Qazlal

Annotations:
D:2 Sigmund


Innate Abilities, Weirdness & Mutations

Your plain brown scales are hard. (AC +5)
You cannot fit into any form of body armour.
You are cold-blooded and may be slowed by cold attacks.
You have large cloven feet.
You can translocate small distances at will.
You possess an exceptional clarity of mind.


Message History

You tail-slap Sigmund, but do no damage.
Sigmund hits you with a +0 scythe! Sigmund closely misses you.
You slash Sigmund!
Sigmund is moderately wounded.
Sigmund misses you.
You slash Sigmund!
Sigmund is heavily wounded.
Sigmund casts a spell at you. The puff of flame misses you.
You hit Sigmund.
Sigmund is severely wounded.
Sigmund points at himself and mumbles some strange words.
Sigmund flickers and vanishes!
Deactivating autopickup; reactivate with Ctrl-A.
You hit something but do no damage. Something hits you!
You feel very mighty all of a sudden. Something hits you!
* * * LOW HITPOINT WARNING * * *
You closely miss something. You kick something. Something hits you!
You die...

###.......#
#......##.#
#.........#
#######......####
......#).....#
.####........########
..............[......
#######......########
.... >..........@{..#
....####...########.#
###....###...#
####.#..##.#.##
...........#... #
............##w..
......†.JSw......
##..#.......##
.......###.......


There were no monsters in sight!

Vanquished Creatures
  3 worms (D:2)
  2 dart slugs (D:1)
  A giant cockroach (D:1)
  10 goblins
  6 hobgoblins
  7 jackals
  4 kobolds
  4 bats
  2 frilled lizards (D:1)
  7 rats
46 creatures vanquished.

Notes
Turn   | Place    | Note
-------+----------+-------------------------------------------
     0 | D:1      | promet the Draconian Fighter began the quest for the Orb.
     0 | D:1      | Reached XP level 1. HP: 19/19 MP: 1/1
   217 | D:1      | Gained mutation: You have large cloven feet. [potion of
                  | mutation]
   217 | D:1      | Gained mutation: You can translocate small distances at
                  | will. [potion of mutation]
   217 | D:1      | Gained mutation: You possess an exceptional clarity of
                  | mind. [potion of mutation]
   241 | D:1      | Reached XP level 2. HP: 20/26 MP: 2/2
   723 | D:1      | Reached XP level 3. HP: 33/33 MP: 3/3
  1052 | D:2      | Found a stormy altar of Qazlal.
  1064 | D:2      | Became a worshipper of Qazlal Stormbringer
  1222 | D:2      | Noticed Sigmund
  1233 | D:2      | Slain by Sigmund

Illustrated notes

Levels and vault maps discovered:
D:1:      eino_arrival_cavern_e, layout_rooms, corexii_corridor_pit, nrook_uturn
D:2:      layout_rooms, nicolae_overflow_crystal_walls,
          chequers_serial_rivers_micro_c, trog_butcher_becter, uniq_sigmund

Skill      XL: |  1  2 |
---------------+-------+-----
Dodging        | 3 |  3.3
Fighting       | |  3.8
Long Blades    | |  2.8
Shields        | |  3.3

Action                   || total
-------------------------++-------
Melee: Long sword        ||    76
       Kick              ||    28
       Tailslap          ||     8
       Great sword       ||    24
  Use: Potion            ||     4
       Scroll            ||     6
Armor: Skin              ||    40
Dodge: Dodged            ||    68
Block: Kite shield       ||    27
       Rpst.: Long sword ||    13
       Great sword       ||     5
